 Dungeon Crawl Stone Soup version 0.31.0 (webtiles) character file.

Game seed: 12512839713636316801

5100 qw the Skirmisher (level 10, -2/64 HPs)
             Began as a Gargoyle Hunter on Jan 19, 2024.
             Was a Priest of Okawaru.
             Slain by a wolf (4 damage)
             ... led by Grum
             ... on level 1 of the Lair of Beasts.
             The game lasted 00:00:48 (7214 turns).

qw the Skirmisher (Gargoyle Hunter)                 Turns: 7214, Time: 00:00:48

Health: -2/64      AC: 16    Str: 16    XL:     10   Next: 57%
Magic:  12/13      EV: 20    Int:  9    God:    Okawaru [***...]
Gold:   530        SH:  0    Dex: 23    Spells: 9/9 levels left

rFire   + . .        l - +0 orcbow
rCold   + . .        (shield currently unavailable)
rNeg    + . .        a - +2 robe {rC+ rF+}
rPois   inf          (no helmet)
rElec   +            (no cloak)
rCorr   .            h - +0 pair of gloves
SInv    .            k - +2 pair of boots
Will    +....        e - amulet of faith
Stlth   ++++         g - +6 ring of dexterity
HPRegen 0.30/turn    j - ring of willpower
MPRegen 0.13/turn

%: faith
@: about to teleport, heroic
A: sickness immunity, AC +7, negative energy resistance 1, electricity
resistance, torment resistance 1, petrification resistance
a: Renounce Religion, Heroism


You were on level 1 of the Lair of Beasts.
You worshipped Okawaru.
Okawaru was most pleased with you.
You visited 3 branches of the dungeon, and saw 10 of its levels.

You collected 530 gold pieces.


Innate Abilities, Weirdness & Mutations

You are immune to sickness and miasma.
Your stone body is resilient. (AC +7)
You are immune to poison.
You resist negative energy. (rN+)
You are resistant to electric shocks. (rElec)
You are resistant to unholy torment.
You are immune to petrification.


   Skills:
 - Level 8.1(13.1) Fighting
 + Level 12.0(17.0) Ranged Weapons
 - Level 2.1(7.1) Armour
 - Level 5.0(10.0) Dodging
 - Level 1.1(6.1) Stealth
 - Level 4.4 Invocations


You had 9 spell levels left.
You didn't know any spells.
Your spell library was empty.

Inventory:

Hand Weapons
 l - a +0 orcbow (weapon)
Armour
 a - a +2 robe of resistance (worn)
 h - a +0 pair of gloves (worn)
 k - a +2 pair of boots (worn)
 m - the +0 leather armour of the Old and Reckless {rN+ Will+}
   (You found it on level 4 of the Dungeon)

   rN+:       It protects you from negative energy.
   Will+:     It increases your willpower.
Jewellery
 e - an amulet of faith (around neck)
 g - a +6 ring of dexterity (left hand)
 j - a ring of willpower (right hand)
 o - an amulet of regeneration
Wands
 q - a wand of polymorph (6)
Scrolls
 b - a scroll of teleportation
Potions
 c - 3 potions of haste
 d - a potion of enlightenment
 f - 4 potions of curing

Dungeon Overview and Level Annotations

Branches:
Dungeon (8/15)             Temple (1/1) D:5            Lair (1/5) D:8

Altars:
Ashenzari
Dithmenos
Elyvilon
Fedhas
Gozag
Hepliaklqana
Kikubaaqudgha
Makhleb
Nemelex Xobeh
Okawaru
Qazlal
Ru
Sif Muna
Trog
Wu Jian
Xom
Yredelemnul
Zin
The Shining One

Annotations:
Lair:1 Fannar, Grum


Message History

You shoot an arrow. The arrow closely misses the wolf.
The wolf closely misses you. The wolf completely misses you.
Grum completely misses you.
You shoot an arrow. The arrow hits the wolf!!
You kill the wolf!
Okawaru accepts your kill. The wolf completely misses you.
Your base Dodging skill increases to level 5!
You shoot an arrow. The arrow hits the wolf.
The wolf is lightly wounded.
The wolf completely misses you. The wolf barely misses you.
Grum barely misses you.
The bullfrog releases a deep croak.
You shoot an arrow. The arrow hits the wolf!
The wolf is heavily wounded.
The wolf barely misses you. The wolf misses you. Grum barely misses you.
You shoot an arrow. The arrow closely misses the wolf.
Your surroundings suddenly seem different.
You shoot an arrow. The arrow misses Fannar.
Enter note:
Enter note: You shoot an arrow.
The arrow hits Fannar.
Fannar is lightly wounded.
Fannar hits you but does no damage.
Enter note:
Enter note:
7212 ||| RETREEEEATING.
You shoot an arrow. The arrow closely misses Fannar.
Fannar gestures at you while chanting. The bolt of cold hits you! You resist.
Grum barely misses you.
7213 ||| READING 2 scrolls of teleportation.
As you read the scroll of teleportation, it crumbles to dust.
You feel strangely unstable. The wolf closely misses you.
The wolf completely misses you. Fannar barely misses you.
Grum hits you but does no damage.
Enter note:
Enter note:
7214 ||| RETREEEEATING.
You shoot an arrow. The arrow hits the wolf.
The wolf is heavily wounded.
The wolf bites you.
You die...

# #.P# #P##..#
#.'.## ##+# #P##.#
#PP##P###.#
77#..#.7##..## .
.h7F.#%.....#
.777.77e##......##
.......@h.......#
.........g......#
................#
................#
.......$###.##..#
.......## ####..#
....... ..#
....... ..# ....


You could see Fannar, Grum, 2 wolves and a bullfrog.

Vanquished Creatures
  Pikel (D:7)
  A cane toad (Lair:1)
  Grinder (D:4)
  A polar bear (Lair:1)
  Sigmund (D:4)
  A wyvern (Lair:1)
  2 water moccasins
  Duvessa (D:5)
  A black bear (D:5)
  2 ice beasts
  A sky beast (D:7)
  An ogre (D:4)
  6 wolves (Lair:1)
  A lemure (D:7)
  2 centaurs
  Blork the orc (D:4)
  A phantom (D:5)
  4 kobold brigands
  6 bullfrogs
  4 scorpions
  Dowan (D:5)
  4 bombardier beetles
  4 crimson imps (D:7)
  A gnoll bouda (D:7)
  4 hounds
  4 orc priests
  2 sleepcaps
  2 jellies
  3 iguanas
  Terence (D:3)
  6 orc wizards
  A mummy (D:7)
  8 gnolls
  9 adders
  A white imp (D:5)
  4 ufetubi (D:6)
  3 dart slugs
  A ribbon worm (D:4)
  26 orcs
  4 ball pythons
  6 endoplasms
  3 giant cockroaches
  10 goblins
  4 hobgoblins
  2 jackals (D:2)
  6 quokkas
  7 bats
  4 frilled lizards
  30 kobolds
  2 kobold zombies (D:7)
  4 rats
206 creatures vanquished.

Notes
Turn   | Place    | Note
-------+----------+-------------------------------------------
     0 | D:1      | qw the Gargoyle Hunter began the quest for the Orb.
     0 | D:1      | Reached XP level 1. HP: 12/12 MP: 1/1
     0 | D:1      | 0 ||| qw: Version: 0.3-a-132-g3d54051
     0 | D:1      | 0 ||| qw: Game counter: 26
     0 | D:1      | 0 ||| qw: Melee chars always use a shield: true
     0 | D:1      | 0 ||| qw: God list: Okawaru
     0 | D:1      | 0 ||| qw: Allow faded altars: false
     0 | D:1      | 0 ||| qw: Do Orc after clearing Dungeon:15 true
     0 | D:1      | 0 ||| qw: Do second Lair branch before Depths: true
     0 | D:1      | 0 ||| qw: Lair rune preference: random
     0 | D:1      | 0 ||| qw: Goals: Normal
     0 | D:1      | 0 ||| PLANNING D:1-11
    92 | D:1      | Reached XP level 2. HP: 17/17 MP: 2/2
   415 | D:1      | Reached XP level 3. HP: 16/21 MP: 3/3
   565 | D:1      | Reached skill level 5 in Ranged Weapons
   975 | D:1      | 975 ||| UPGRADING to +0 ring mail.
   985 | D:1      | 985 ||| DROPPING +0 leather armour.
   986 | D:1      | 986 ||| UPGRADING to +6 ring of dexterity.
   987 | D:1      | 987 ||| READING scroll labelled UDUGHI RALIEWN.
   987 | D:1      | 987 ||| IDENTIFYING 2 bubbling purple potions
   988 | D:1      | 988 ||| READING scroll labelled IPONUDWIBB.
   989 | D:1      | 989 ||| DRINKING 2 viscous coppery potions.
   990 | D:1      | 990 ||| DROPPING scroll of butterflies.
   991 | D:1      | 991 ||| DROPPING 2 potions of lignification.
  1342 | D:2      | Reached skill level 1 in Armour
  1482 | D:2      | Reached XP level 4. HP: 27/27 MP: 4/4
  1589 | D:2      | Reached skill level 3 in Fighting
  1797 | D:2      | 1797 ||| READING scroll labelled OMETUEW MUGI.
  1798 | D:2      | 1798 ||| DRINKING 2 black potions.
  1873 | D:3      | Identified the +0 scale mail of Ethics {rPois Dex+3}
  1999 | D:3      | Reached XP level 5. HP: 32/32 MP: 5/5
  2224 | D:3      | Noticed Terence
  2231 | D:3      | Killed Terence
  2232 | D:3      | 2232 ||| FLEEEEING.
  2381 | D:3      | Reached skill level 6 in Ranged Weapons
  2381 | D:3      | 2381 ||| FLEEEEING.
  2382 | D:3      | HP: 8/32 [burnt (4)]
  2383 | D:3      | HP: 2/32 [burnt (6)]
  2613 | D:3      | 2613 ||| UPGRADING to ring of willpower.
  2614 | D:3      | 2614 ||| READING 2 scrolls of identify.
  2614 | D:3      | 2614 ||| IDENTIFYING amethyst potion
  2615 | D:3      | 2615 ||| READING scroll of identify.
  2615 | D:3      | 2615 ||| IDENTIFYING 2 white potions
  2616 | D:3      | 2616 ||| READING scroll labelled VAOKHO MIVUUL.
  2617 | D:3      | 2617 ||| FLEEEEING.
  2640 | D:3      | 2640 ||| READING scroll labelled FEFINE IFFI.
  2641 | D:3      | 2641 ||| DROPPING 2 potions of invisibility.
  2677 | D:4      | Reached XP level 6. HP: 38/38 MP: 6/6
  2746 | D:4      | Noticed Blork the orc
  2757 | D:4      | Killed Blork the orc
  2758 | D:4      | Reached XP level 7. HP: 30/43 MP: 7/7
  2758 | D:4      | 2758 ||| FLEEEEING.
  2842 | D:4      | Noticed Grinder
  2858 | D:4      | Killed Grinder
  2859 | D:4      | Reached skill level 7 in Ranged Weapons
  2859 | D:4      | 2859 ||| FLEEEEING.
  2943 | D:4      | Noticed Sigmund
  2948 | D:4      | Killed Sigmund
  2949 | D:4      | Reached skill level 8 in Ranged Weapons
  2982 | D:4      | Identified the +0 leather armour of the Old and Reckless
                  | {rN+ Will+}
  3073 | D:4      | Reached XP level 8. HP: 48/48 MP: 8/8
  3268 | D:4      | 3268 ||| UPGRADING to +0 pair of gloves.
  3273 | D:4      | 3273 ||| UPGRADING to +2 pair of boots.
  3278 | D:4      | 3278 ||| UPGRADING to +0 leather armour of the Old and
                  | Reckless {rN+ Will+}.
  3288 | D:4      | 3288 ||| UPGRADING to amulet of faith.
  3293 | D:4      | 3293 ||| READING 2 scrolls of identify.
  3293 | D:4      | 3293 ||| IDENTIFYING sapphire potion
  3312 | D:5      | Entered Level 5 of the Dungeon
  3339 | D:5      | 3339 ||| FLEEEEING.
  3345 | D:5      | 3345 ||| STAIRDANCE
  3458 | D:5      | Reached skill level 9 in Ranged Weapons
  3462 | D:5      | Noticed Dowan
  3463 | D:5      | Noticed Duvessa
  3465 | D:5      | 3465 ||| RETREEEEATING.
  3476 | D:5      | 3476 ||| RETREEEEATING.
  3478 | D:5      | 3478 ||| RETREEEEATING.
  3490 | D:5      | HP: 9/49 [Duvessa/+0 short sword (4)]
  3491 | D:5      | 3491 ||| DRINKING potion of heal wounds.
  3506 | D:5      | Killed Duvessa
  3507 | D:5      | Reached skill level 3 in Dodging
  3507 | D:5      | Killed Dowan
  3513 | D:5      | 3513 ||| FLEEEEING.
  3676 | D:5      | Reached skill level 6 in Fighting
  3702 | D:5      | 3702 ||| FLEEEEING.
  3865 | D:5      | 3865 ||| RETREEEEATING.
  3867 | D:5      | 3867 ||| RETREEEEATING.
  3887 | D:5      | 3887 ||| FLEEEEING.
  4023 | D:5      | 4023 ||| FLEEEEING.
  4077 | D:5      | Found a sacrificial altar of Ru.
  4396 | D:5      | Found a staircase to the Ecumenical Temple.
  4397 | D:5      | 4397 ||| PLANNING TEMPLE
  4397 | D:5      | 4397 ||| FLEEEEING.
  4404 | D:5      | 4404 ||| STAIRDANCE
  4406 | D:4      | 4406 ||| READING scroll of identify.
  4406 | D:4      | 4406 ||| IDENTIFYING scroll labelled LUSIRUZXYRHO
  4407 | D:4      | 4407 ||| READING scroll labelled WENOIR JUTADANI.
  4411 | D:4      | 4411 ||| DROPPING scroll of poison.
  4432 | Temple   | Entered the Ecumenical Temple
  4433 | Temple   | 4433 ||| PLANNING OKAWARU WORSHIP
  4457 | Temple   | Became a worshipper of Warmaster Okawaru
  4458 | Temple   | 4458 ||| PLANNING D:1-11
  4568 | D:6      | Reached skill level 10 in Ranged Weapons
  4568 | D:6      | Reached XP level 9. HP: 55/55 MP: 9/9
  4582 | D:6      | 4582 ||| FLEEEEING.
  4587 | D:6      | 4587 ||| STAIRDANCE
  4605 | D:5      | 4605 ||| DROPPING wand of flame (13).
  4925 | D:6      | Reached * piety under Okawaru
  5138 | D:6      | 5138 ||| READING 2 scrolls of identify.
  5138 | D:6      | 5138 ||| IDENTIFYING scroll labelled ZAIXKAMYSS
  5139 | D:6      | 5139 ||| READING scroll of identify.
  5139 | D:6      | 5139 ||| IDENTIFYING scroll labelled BUMUACKIOD
  5140 | D:6      | 5140 ||| READING scroll of brand weapon.
  5140 | D:6      | 5140 ||| BRANDING +0 shortbow.
  5141 | D:6      | 5141 ||| DROPPING scroll of vulnerability.
  5161 | D:7      | 5161 ||| PLANNING OSSUARY
  5169 | D:7      | Reached skill level 1 in Invocations
  5191 | D:7      | 5191 ||| FLEEEEING.
  5196 | D:7      | 5196 ||| STAIRDANCE
  5254 | D:7      | 5254 ||| SWAPPING to +0 orcbow.
  5255 | D:7      | 5255 ||| DROPPING +0 shortbow of freezing.
  5267 | D:7      | 5267 ||| FLEEEEING.
  5298 | D:7      | Found a shimmering altar of Xom.
  5319 | D:7      | 5319 ||| RETREEEEATING.
  5345 | D:7      | 5345 ||| FLEEEEING.
  5420 | D:7      | 5420 ||| RETREEEEATING.
  5422 | D:7      | 5422 ||| RETREEEEATING.
  5422 | D:7      | Noticed Pikel
  5423 | D:7      | 5423 ||| RETREEEEATING.
  5425 | D:7      | 5425 ||| RETREEEEATING.
  5436 | D:7      | Reached skill level 3 in Invocations
  5436 | D:7      | 5436 ||| INVOKING Heroism.
  5444 | D:7      | Killed Pikel
  5444 | D:7      | Reached ** piety under Okawaru
  5462 | D:7      | 5462 ||| FLEEEEING.
  5467 | D:7      | 5467 ||| STAIRDANCE
  5488 | D:6      | 5488 ||| UPGRADING to +2 robe of resistance.
  5498 | D:6      | 5498 ||| DROPPING +0 ring mail.
  5554 | D:7      | Reached skill level 11 in Ranged Weapons
  5653 | D:7      | Reached XP level 10. HP: 63/63 MP: 13/13
  5758 | D:7      | Found a shadowy altar of Dithmenos.
  5759 | D:7      | Identified the +5 war axe "Amnet" {flame, Fly rN+ Dex+2
                  | Stlth+}
  5800 | D:7      | 5800 ||| RIP OSSUARY
  5814 | D:7      | 5814 ||| PLANNING D:1-11
  5814 | D:7      | 5814 ||| READING scroll of identify.
  5814 | D:7      | 5814 ||| IDENTIFYING fizzy sapphire potion
  5815 | D:7      | 5815 ||| DRINKING 2 pink potions.
  5816 | D:7      | 5816 ||| DROPPING potion of attraction.
  5817 | D:7      | 5817 ||| DROPPING potion of brilliance.
  6158 | D:7      | 6158 ||| READING scroll labelled WILEISOUNO.
  6279 | D:8      | Found a staircase to the Lair.
  6385 | D:8      | Found a blossoming altar of Fedhas.
  6403 | D:8      | 6403 ||| FLEEEEING.
  6404 | D:8      | 6404 ||| FLEEEEING.
  6405 | D:8      | 6405 ||| FLEEEEING.
  6406 | D:8      | 6406 ||| FLEEEEING.
  6843 | D:8      | Found a basalt altar of Yredelemnul.
  6850 | D:8      | Found a white marble altar of Elyvilon.
  6851 | D:8      | Found a glowing golden altar of the Shining One.
  6852 | D:8      | Found a sparkling altar of Nemelex Xobeh.
  6853 | D:8      | Found an opulent altar of Gozag.
  6911 | D:8      | 6911 ||| PLANNING LAIR
  6911 | D:8      | 6911 ||| READING scroll of identify.
  6911 | D:8      | 6911 ||| IDENTIFYING fuming puce potion
  6912 | D:8      | 6912 ||| READING scroll labelled HOJEPP ARAGUXT.
  6913 | D:8      | 6913 ||| DROPPING potion of degeneration.
  6949 | Lair:1   | Entered Level 1 of the Lair of Beasts
  6954 | Lair:1   | Reached *** piety under Okawaru
  6993 | Lair:1   | Noticed a cane toad
  6994 | Lair:1   | 6994 ||| INVOKING Heroism.
  7000 | Lair:1   | 7000 ||| RETREEEEATING.
  7008 | Lair:1   | Killed a cane toad
  7011 | Lair:1   | Reached skill level 12 in Ranged Weapons
  7084 | Lair:1   | 7084 ||| INVOKING Heroism.
  7176 | Lair:1   | Noticed Grum
  7177 | Lair:1   | 7177 ||| RETREEEEATING.
  7178 | Lair:1   | 7178 ||| RETREEEEATING.
  7179 | Lair:1   | 7179 ||| RETREEEEATING.
  7180 | Lair:1   | 7180 ||| RETREEEEATING.
  7181 | Lair:1   | 7181 ||| RETREEEEATING.
  7182 | Lair:1   | 7182 ||| RETREEEEATING.
  7183 | Lair:1   | 7183 ||| RETREEEEATING.
  7184 | Lair:1   | 7184 ||| RETREEEEATING.
  7189 | Lair:1   | Noticed Fannar
  7190 | Lair:1   | 7190 ||| RETREEEEATING.
  7191 | Lair:1   | 7191 ||| RETREEEEATING.
  7197 | Lair:1   | 7197 ||| INVOKING Heroism.
  7202 | Lair:1   | HP: 15/64 [wolf[Grum] (2)]
  7203 | Lair:1   | 7203 ||| READING 3 scrolls of teleportation.
  7212 | Lair:1   | 7212 ||| RETREEEEATING.
  7212 | Lair:1   | HP: 1/64 [Fannar/bolt of cold (16)]
  7213 | Lair:1   | 7213 ||| READING 2 scrolls of teleportation.
  7214 | Lair:1   | 7214 ||| RETREEEEATING.
  7214 | Lair:1   | Slain by a wolf

Levels and vault maps discovered:
D:1:      dpeg_arrival_ternary, layout_basic
D:2:      layout_basic
D:3:      layout_loops_cross, hangedman_decor_clover_reticule, uniq_terence
D:4:      layout_basic, serial_bayou_pond_e, uniq_blork_the_orc, uniq_grinder,
          uniq_sigmund
D:5:      layout_gridville, mainiacjoe_overflow_chevrons,
          minmay_temple_entry_nine_rooms, minmay_manual_mail, uniq_duvessa
D:6:      layout_basic
D:7:      layout_loops_ring, nicolae_overflow_crystal_walls, led_xom_imps,
          nicolae_ossuary_entry_giza, uniq_pikel
D:8:      layout_loops_cross, minitemple, mainiacjoe_overflow_alcove_1,
          lair_entry_dummy
Temple:   cyrus_temple_forest
Lair:1:   gammafunk_boulding_lane, layout_regular_city, wad_woods_03,
          serial_bayou_shore_a, uniq_grum, uniq_amaemon, uniq_fannar

Skill      XL: |  1  2  3  4  5  6  7  8  9 10 |
---------------+-------------------------------+-----
Ranged Weapons | 5 6 8 10 11 12 | 12.0
Armour         | 1 2 |  2.1
Fighting       | 3 4 6 7 8 |  8.1
Dodging        | 2 3 4 5 |  5.0
Invocations    | 4 |  4.4
Stealth        | |  1.1

Action                     |  1- 3 |  4- 6 |  7- 9 | 10-12 || total
---------------------------+-------+-------+-------+-------++-------
   Fire: Shortbow          |   107 |   120 |   345 |       ||   572
         Orcbow            |       |       |   107 |   190 ||   297
 Invoke: Heroism           |       |       |     1 |     3 ||     4
    Use: Scroll            |     2 |     5 |     6 |     6 ||    19
         Potion            |     1 |     1 |     1 |     1 ||     4
 Armour: Leather armour    |    13 |       |   162 |       ||   175
         Ring mail         |     4 |    22 |    17 |       ||    43
         Robe              |       |       |     4 |    64 ||    68
  Dodge: Dodged            |    19 |    33 |   188 |    93 ||   333

Table legend:
 A = Non-vault XP
 B = Vault XP
 C = Vault XP percentage of total XP
 D = Non-vault monster count
 E = Vault monster count
 F = Vault count percentage of total count
                 A         B        C        D         E       F
            +---------+---------+-------+---------+---------+-------
      Total |    5179 |    2107 |  28.9 |     186 |      19 |   9.3
            +---------+---------+-------+---------+---------+-------
        D:1 |      42 |       0 |   0.0 |      24 |       0 |   0.0
        D:2 |      60 |       0 |   0.0 |      21 |       0 |   0.0
        D:3 |     171 |      36 |  17.4 |      22 |       1 |   4.3
        D:4 |     297 |     615 |  67.4 |      12 |       3 |  20.0
        D:5 |     722 |     398 |  35.5 |      21 |       5 |  19.2
        D:6 |     728 |       0 |   0.0 |      22 |       0 |   0.0
        D:7 |     993 |     831 |  45.6 |      23 |       8 |  25.8
        D:8 |     558 |       0 |   0.0 |      31 |       0 |   0.0
     Lair:1 |    1608 |     227 |  12.4 |      10 |       2 |  16.7
            +---------+---------+-------+---------+---------+-------
